 Dungeon Crawl Stone Soup version 0.19.5 (webtiles) character file.

60 Cecillian the Skirmisher (level 3, 0/30 HPs)
             Began as a Demonspawn Abyssal Knight on Apr 9, 2017.
             Was a Follower of Lugonu.
             Succumbed to an adder's poison
             ... on level 2 of the Dungeon.
             The game lasted 00:06:29 (1484 turns).

Cecillian the Skirmisher (DsAK)                     Turns: 1484, Time: 00:06:30

Health: 0/30       AC:  5    Str: 13    XL:     3   Next: 82%
Magic:  4/4        EV: 10    Int: 13    God:    Lugonu [*.....]
Gold:   71         SH:  0    Dex: 12    Spells: 0 memorised, 2 levels left

rFire  . . .     SeeInvis .     a - +1 falchion
rCold  . . .     Gourm    .     e - +0 ring mail
rNeg   . . .     Faith    .     (no shield)
rPois  .         Spirit   .     (no helmet)
rElec  .         Reflect  .     (no cloak)
rCorr  .         Harm     .     (no gloves)
MR     .....                    (no boots)
Stlth  +.........               (no amulet)
                                (no ring)
                                (no ring)

@: lethally poisoned (0 -> -5), very slightly contaminated, hasted, very quick
A: rot immunity
a: Depart the Abyss, Renounce Religion


You were on level 2 of the Dungeon.
You worshipped Lugonu.
Lugonu was aware of your devotion.
You were not hungry.

You visited 1 branch of the dungeon, and saw 2 of its levels.
You visited the Abyss 1 time.

You collected 71 gold pieces.

Inventory:

Hand Weapons
 a - a +1 falchion (weapon)
 l - a +0 mace
Missiles
 h - 17 bolts
 j - 12 poisoned needles
 k - 87 stones (quivered)
Armour
 b - a +0 leather armour
 e - a +0 ring mail (worn)
 g - a cursed -1 robe
Scrolls
 d - a scroll of teleportation
 m - a scroll of identify {unknown}
Comestibles
 i - 3 meat rations


   Skills:
 + Level 3.7 Fighting
 + Level 2.8 Long Blades
 + Level 0.1 Throwing
 + Level 2.0 Armour
 + Level 1.0 Dodging
 + Level 2.6 Invocations


You had 2 spell levels left.
You didn't know any spells.

Dungeon Overview and Level Annotations

Branches:
Dungeon (2/15)

Altars:


Innate Abilities, Weirdness & Mutations

You are immune to rotting.


Message History

* * * LOW HITPOINT WARNING * * *
You feel sick. The adder bites you but does no damage.
The adder barely misses you.
You riposte.
You miss the adder.
The adder is severely wounded.
You slash the adder!
You kill the adder!
Lugonu accepts your kill.
* * * LOW HITPOINT WARNING * * *
You feel sick.
It was a potion of haste.
You feel yourself speed up.
You are very lightly contaminated with residual magic.
* * * LOW HITPOINT WARNING * * *
You feel sick.
You see here an adder corpse.
Press: ? - help, v - describe, . - travel, g - get item 2 scrolls of immolation.
The floor.
You start eating one of the 3 meat rations.
You continue eating. x2
You die...

##...###.#.#....##......
#........#.#...###......
........##....## #......
..............# #......
............######......
........................
..........########......
.........## #######
.......@## ....>..)#
.......(. ....%?...#
.........# ........(#
.........# ........##


There were no monsters in sight!

Vanquished Creatures
  2 adders (D:2)
  An ooze (D:1)
  A worm (D:2)
  A dart slug (D:1)
  2 leopard geckos
  3 bats (D:2)
  3 giant cockroaches
  3 goblins (D:1)
  3 hobgoblins
  4 jackals (D:1)
  3 kobolds (D:1)
  A frilled lizard (D:2)
27 creatures vanquished.

Notes
Turn   | Place    | Note
-------+----------+-------------------------------------------
     0 | Abyss:1  | Cecillian the Demonspawn Abyssal Knight began the quest for the Orb.
     0 | Abyss:1  | Reached XP level 1. HP: 18/18 MP: 2/2
   129 | Abyss:1  | Noticed an anaconda skeleton
   132 | D:1      | Escaped the Abyss
   509 | D:1      | Gained mutation: You are immune to rotting. [demonic ancestry]
   509 | D:1      | Reached XP level 2. HP: 16/24 MP: 3/3
   725 | D:1      | Reached skill level 1 in Dodging
  1046 | D:1      | Reached XP level 3. HP: 23/29 MP: 4/4
  1231 | D:2      | Reached * piety under Lugonu
  1481 | D:2      | HP: 1/30 [poisoned by an adder]
  1484 | D:2      | Succumbed to an adder's poison

Skill      XL: |  1  2  3 |
---------------+----------+-----
Long Blades    | 2 |  2.8
Dodging        | 1 |  1.0
Armour         | 2 |  2.0
Fighting       | |  3.7
Throwing       | |  0.1
Invocations    | |  2.6

Action                   || total
-------------------------++-------
Melee: Falchion          ||   106
       Mace              ||     1
Throw: Stone             ||     6
Invok: Depart the Abyss  ||     1
  Use: Scroll            ||     2
       Potion            ||     1
  Eat: Bread ration      ||     1
Armor: Ring mail         ||    45
Dodge: Dodged            ||    64
       Rpst.: Falchion   ||    23
